 Dungeon Crawl Stone Soup version 0.28-a0-1406-ga8dd43b1d0 (webtiles) character file.

Game seed: 11857996384137055898

22597 Lekart the Fighter (level 12, -6/113 HPs)
             Began as a Green Draconian Fighter on Jan 6, 2022.
             Was a High Priest of the Shining One.
             Shot with a bolt by an orc (9 damage)
             ... on level 2 of the Orcish Mines.
             The game lasted 00:37:44 (16748 turns).

Lekart the Fighter (Green Draconian Fighter)       Turns: 16748, Time: 00:37:44

Health: -6/113     AC: 14    Str: 19    XL:     12   Next: 64%
Magic:  0/18       EV: 19    Int: 10    God:    the Shining One [*****.]
Gold:   1190       SH: 15    Dex: 14    Spells: 11/11 levels left

rFire   + . .      SeeInvis .   q - +3 falchion
rCold   + . .      Faith    .   a - +0 buckler {AC+3}
rNeg    + + .      Spirit   +   (armour unavailable)
rPois   +          Reflect  .   p - +2 hat of the Bear Spirit {Spirit, *Rage Will++}
rElec   .          Harm     .   i - scarf {rC+ rF+}
rCorr   +          Rampage  .   (no gloves)
Will    +++..      Rage     20% w - +0 pair of boots
Stlth   +.........              (no amulet)
HPRegen 0.28/turn               n - +4 ring of evasion
MPRegen 0.16/turn               t - ring of resist corrosion

@: divinely shielded, short of breath, on berserk cooldown, glowing
A: breathe noxious fumes, AC +8, unfitting armour, poison resistance,
cold-blooded, strong-willed 1, no potion heal 1
a: Breathe Noxious Fumes, Renounce Religion, Divine Shield, Cleansing Flame,
Summon Divine Warrior


You were on level 2 of the Orcish Mines.
You worshipped the Shining One.
The Shining One was extremely pleased with you.
You visited 4 branches of the dungeon, and saw 17 of its levels.

You collected 1440 gold pieces.
You spent 250 gold pieces at shops.

Inventory:

Hand Weapons
 q - a +3 falchion (weapon)
Missiles
 v - 4 throwing nets (quivered)
Armour
 a - a +0 buckler of protection (worn)
 e - a +0 cloak
 i - a scarf of resistance (worn)
 p - the +2 hat of the Bear Spirit (worn) {Spirit, *Rage Will++}
   (You acquired it on level 7 of the Dungeon)

   Going berserk makes the wearer tougher, and they're slowed less afterward.
   *Rage:     It berserks you when you make melee attacks (+20% chance).
   Will:      It greatly increases your willpower.
 w - a +0 pair of boots (worn)
Jewellery
 f - a ring of ice
 h - a ring of wizardry
 n - a +4 ring of evasion (left hand)
 t - a ring of resist corrosion (right hand)
Wands
 g - a wand of acid (3)
 o - a wand of polymorph (6)
 x - a wand of digging (9)
 y - a wand of flame (3)
Scrolls
 c - 3 scrolls of amnesia
 j - a scroll of fog
 k - 3 scrolls of identify
Potions
 d - 2 potions of cancellation
 l - 3 potions of haste
 m - 4 potions of curing
Miscellaneous
 b - a piece from Xom's chessboard (3/15)
 u - a box of beasts


   Skills:
 * Level 12.4 Fighting
 + Level 12.3 Long Blades
 + Level 8.3 Dodging
 + Level 7.3 Shields
 * Level 9.1 Invocations
 + Level 3.0 Evocations


You had 11 spell levels left.
You didn't know any spells.
Your spell library contained the following spells:

 Spells                   Type           Power      Damage    Failure   Level
 Slow                     Hex            0%         N/A       43%         1
 Corpse Rot               Necr/Air       0%         N/A       56%         2
 Confusing Touch          Hex            0%         N/A       80%         3
 Frozen Ramparts          Ice            0%         1d2       80%         3
 Gell's Gravitas          Tloc           0%         N/A       80%         3
 Lesser Beckoning         Tloc           0%         N/A       80%         3
 Stone Arrow              Conj/Erth      0%         3d7       80%         3
 Teleport Other           Tloc           0%         N/A       80%         3
 Vampiric Draining        Necr           0%         2d6       80%         3
 Animate Dead             Necr           0%         N/A       99%         4
 Dispel Undead            Necr           0%         3d6       99%         4
 Ice Form                 Ice/Tmut       0%         N/A       99%         4
 Summon Ice Beast         Ice/Summ       0%         N/A       99%         4
 Death Channel            Necr           0%         N/A       100%        6
 Haunt                    Necr/Summ      0%         N/A       100%        7
 Infestation              Necr           0%         N/A       100%        8
 Lehudib's Crystal Spear  Conj/Erth      0%         10d2      100%        8
 Animate Armour           Summ/Erth      Unusable   N/A       N/A         4

Dungeon Overview and Level Annotations

Branches:
Dungeon (13/15)            Temple (1/1) D:5            Lair (1/6) D:8
    Orc (2/2) D:10            Elf (0/3) Orc:2        Vaults (0/5) D:13

Altars:
Ashenzari
Cheibriados
Dithmenos
Elyvilon
Fedhas
Gozag
Hepliaklqana
Kikubaaqudgha
Makhleb
Nemelex Xobeh
Okawaru
Qazlal
Ru
Sif Muna
Trog
Uskayaw
Vehumet
Wu Jian
Xom
Yredelemnul
Zin
The Shining One

Shops:
D:1 (   D:4 *   D:9 :!   D:12 [

Annotations:
D:8 1 runed translucent door
D:11 3 runed translucent doors
D:12 exclusion: downstairs
D:13 Rupert, Urug


Innate Abilities, Weirdness & Mutations

You can breathe blasts of noxious fumes.
Your lurid green scales are hard. (AC +8)
You cannot fit into any form of body armour.
Your system is resistant to poisons. (rPois)
You are cold-blooded and may be slowed by cold attacks.
You are strong-willed. (Will+)
Potions are less effective at restoring your health.


Message History

* * * LOW HITPOINT WARNING * * *
Your piece from Xom's chessboard (3/15) has regained one charge.
You hit the orc warrior.
The orc warrior is lightly wounded.
The orc unwields a +0 hand axe.
The orc wields a +0 arbalest.
The orc shoots a bolt.
You block the bolt.
The orc warrior unwields a +0 broad axe.
The orc warrior wields a +0 arbalest.
The orc warrior shoots a bolt.
The bolt hits you!
* * * LOW HITPOINT WARNING * * *
Your system partially rejects the healing.
You feel better.
You have got your breath back.
The orc warrior shoots a bolt.
The bolt hits you!
* * * LOW HITPOINT WARNING * * *
As you read the scroll of fog, it crumbles to dust.
The scroll dissolves into smoke.
The orc suddenly cheers, as Orcs often do.
The orc unwields a +0 arbalest.
The orc wields a +0 hand axe.
You block the orc's attack.
The orc warrior shoots a bolt.
You block the bolt.
The orc unwields a +0 hand axe.
The orc wields a +0 arbalest.
The orc shoots a bolt.
You block the bolt.
Your system partially rejects the healing.
You feel better.
The orc shoots a bolt.
You block the bolt.
The orc warrior shoots a bolt.
You block the bolt.
Aiming: Breathe Noxious Fumes (2% risk of failure)
Press: ? - help, Shift-Dir - straight line, f - orc warrior
Aim: an orc warrior, wielding a +0 arbalest and quivering bolts (black smoke, lightly wounded, haloed)
You exhale a blast of noxious fumes.
The blast of choking fumes hits the orc warrior!
The orc warrior is heavily wounded.
The orc shoots a bolt.
The bolt barely misses you.
You can't do that yet.
Unknown command.
You slash the orc warrior!
You kill the orc warrior!
The orc shoots a bolt.
The bolt hits you.
* * * LOW HITPOINT WARNING * * *
The orc shoots a bolt.
The bolt hits you!
You die...

....# #....# #.....####
....######.....#####...##.#
#...#.#..........#.......#
#........##.........#....# .
#.......##.#.....#####... ..#
###.)§§§.#####.....# #....
....#....§§o§##........###....
.........#§o§§#....##...##....
........##§§§@....##.........#
.#...o#o###§.....#.#.........#
##.....###.....#####......###
#..#.o#.####.#..# #####.## #
###......######## #.## #
#.#.....# ### #
####....######## ##
.......oc....... #.
.........)...... #.


You could see 2 orcs.

Vanquished Creatures
  Nessos (Orc:2)
  Snorg (Orc:1)
  2 boulder beetles
  A centaur warrior (Orc:2)
  A two-headed ogre (D:12)
  An ugly thing (D:11)
  A deep elf pyromancer (D:12)
  2 cyclopes
  A black mamba (Lair:1)
  5 centaur zombies
  A cane toad (Lair:1)
  3 yaktaurs (D:12)
  2 kobold demonologists (D:9)
  A komodo dragon (Lair:1)
  An unseen horror (D:10)
  3 trolls
  A hornet (D:9)
  A tyrant leech (Lair:1)
  3 shadows
  Sigmund (D:6)
  A wraith (D:12)
  6 yaks
  A basilisk (Lair:1)
  2 steam dragons
  3 wargs
  8 vampire mosquitoes
  3 swamp worms (Lair:1)
  3 acid dragons
  Edmund (D:6)
  5 water moccasins
  A black bear (D:5)
  15 orc warriors
  A sky beast (D:5)
  10 centaurs
  2 ogres (Orc:2)
  4 phantoms
  6 kobold brigands
  5 scorpions
  4 gnoll sergeants
  5 bullfrogs
  A wyvern zombie (D:8)
  A water moccasin skeleton (D:6)
  12 killer bees
  9 wights
  An electric eel (D:6)
  2 bullfrog zombies (D:5)
  12 orc priests
  3 hounds
  2 iguanas (D:5)
  9 orc wizards
  6 ogre zombies (D:10)
  A killer bee zombie (D:6)
  14 gnolls
  11 adders
  A white imp (D:6)
  2 ufetubi (D:6)
  An adder skeleton (D:4)
  A worm (D:3)
  4 dart slugs
  37 orcs
  13 endoplasms
  4 giant cockroaches
  2 goblins (D:2)
  5 hobgoblins
  6 jackals
  12 kobolds
  3 quokkas
  5 ball pythons
  3 bats
  2 frilled lizards (D:1)
  A goblin zombie (D:10)
  3 hobgoblin skeletons (D:10)
  3 hobgoblin zombies (D:10)
  2 orc skeletons (D:10)
  10 orc zombies (D:10)
  7 rats
330 creatures vanquished.

Vanquished Creatures (collateral kills)
  Harold (D:10)
  Nergalle (Orc:1)
  2 orc warriors (Orc:1)
  An ogre (Orc:2)
  A killer bee (D:6)
  An orc wizard (Orc:1)
  3 gnolls
  2 orcs (Orc:1)
12 creatures vanquished.

Vanquished Creatures (others)
  An electric eel (D:6)
  19 fungi
  28 plants
48 creatures vanquished.

Grand Total: 390 creatures vanquished

Notes
Turn   | Place    | Note
-------+----------+-------------------------------------------
     0 | D:1      | Lekart the Draconian Fighter began the quest for the Orb.
     0 | D:1      | Reached XP level 1. HP: 19/19 MP: 1/1
    77 | D:1      | Found a faded altar of an unknown god.
   160 | D:1      | Gained mutation: You possess an exceptional clarity of
                  | mind. [potion of mutation]
   160 | D:1      | Gained mutation: Potions are less effective at restoring
                  | your health. [potion of mutation]
   160 | D:1      | Lost mutation: You possess an exceptional clarity of mind.
                  | [potion of mutation]
   160 | D:1      | Gained mutation: You are strong-willed. (Will+) [potion of
                  | mutation]
   223 | D:1      | Reached XP level 2. HP: 26/26 MP: 2/2
   688 | D:1      | Found Hicezuox's Antique Weapon Emporium.
   886 | D:1      | Reached XP level 3. HP: 32/33 MP: 3/3
  1252 | D:2      | HP: 1/33 [poisoned by an adder]
  1584 | D:2      | Reached XP level 4. HP: 38/40 MP: 4/4
  2176 | D:3      | Reached XP level 5. HP: 46/47 MP: 5/5
  2829 | D:4      | Noticed a phantom
  3197 | D:4      | Found Zyff's General Store.
  3603 | D:4      | Killed a phantom
  3604 | D:4      | Reached skill level 5 in Fighting
  3604 | D:4      | Reached XP level 6. HP: 56/56 MP: 6/6
  4012 | D:5      | Entered Level 5 of the Dungeon
  4227 | D:5      | Noticed a sky beast
  4236 | D:5      | Reached skill level 5 in Long Blades
  4236 | D:5      | Your scales start taking on a lurid green colour.
  4236 | D:5      | Reached XP level 7. HP: 53/61 MP: 7/7
  4236 | D:5      | Gained mutation: Your system is resistant to poisons.
                  | (rPois) [Green Draconian growth]
  4829 | D:5      | Found a shadowy altar of Dithmenos.
  4933 | D:5      | Found a staircase to the Ecumenical Temple.
  5009 | Temple   | Entered the Ecumenical Temple
  5256 | Temple   | Became a worshipper of the Shining One
  5482 | D:6      | Reached skill level 1 in Invocations
  5482 | D:6      | Reached XP level 8. HP: 32/71 MP: 8/8
  5747 | D:6      | Noticed Edmund
  5761 | D:6      | Killed Edmund
  5911 | D:6      | Noticed Sigmund
  5924 | D:6      | Killed Sigmund
  5927 | D:6      | Reached skill level 5 in Dodging
  7473 | D:7      | Reached * piety under the Shining One
  7496 | D:7      | Reached XP level 9. HP: 68/79 MP: 11/11
  7929 | D:7      | Identified a scroll of acquirement
  7929 | D:7      | Acquired the +2 hat of the Bear Spirit {Spirit, *Rage
                  | Will++}
  7929 | D:7      | Found the +2 hat of the Bear Spirit {Spirit, *Rage Will++}
  8471 | D:4      | Bought a +0 buckler of protection for 138 gold pieces
  8471 | D:4      | Bought a potion of curing for 36 gold pieces
  8637 | D:8      | Reached skill level 5 in Shields
  8718 | D:8      | Noticed a boulder beetle
  8809 | D:8      | Killed a boulder beetle
  8810 | D:8      | Reached skill level 5 in Invocations
  8810 | D:8      | Reached skill level 1 in Evocations
  9057 | D:8      | Found a staircase to the Lair.
  9316 | D:8      | Found a runed translucent door.
  9323 | D:8      | Noticed a sixfirhy
  9366 | D:9      | Reached XP level 10. HP: 90/90 MP: 13/13
  9392 | D:9      | Found Hypruxum's Distillery.
  9576 | D:9      | Reached ** piety under the Shining One
  9921 | Lair:1   | Entered Level 1 of the Lair of Beasts
 10187 | Lair:1   | Noticed a black mamba
 10194 | Lair:1   | Killed a black mamba
 10808 | Lair:1   | Noticed a cane toad
 10815 | Lair:1   | Killed a cane toad
 11294 | D:9      | Noticed a rust devil
 11328 | D:9      | Noticed a soul eater
 11329 | D:9      | Reached skill level 10 in Long Blades
 11330 | D:9      | Reached XP level 11. HP: 68/99 MP: 11/15
 11368 | D:9      | Reached skill level 10 in Fighting
 11866 | D:9      | Found Tyral's Book Shoppe.
 12396 | D:10     | Entered Level 10 of the Dungeon
 12669 | D:10     | Found a staircase to the Orcish Mines.
 12669 | D:10     | Reached *** piety under the Shining One
 12724 | D:10     | Reached **** piety under the Shining One
 12777 | D:10     | Noticed Harold
 12786 | D:10     | Killed Harold
 13347 | D:11     | Reached ***** piety under the Shining One
 13351 | D:11     | Found a runed translucent gate.
 13351 | D:11     | Found a runed translucent gate.
 13351 | D:11     | Found a runed translucent gate.
 13357 | D:11     | Noticed a green ugly thing
 13357 | D:11     | Noticed a green ugly thing
 13357 | D:11     | Noticed a green ugly thing
 13357 | D:11     | Noticed a red ugly thing
 13358 | D:11     | Noticed a fire crab
 13358 | D:11     | a cyclops changed into a fire crab
 13358 | D:11     | Noticed a glowing orange brain
 13442 | D:11     | Noticed a cyan ugly thing
 13462 | D:11     | Killed a cyan ugly thing
 13967 | D:12     | Found Vaotano's Armour Boutique.
 13975 | D:12     | Bought a +0 pair of boots for 76 gold pieces
 14014 | D:12     | Noticed a boulder beetle
 14053 | D:12     | Killed a boulder beetle
 14617 | D:12     | Reached XP level 12. HP: 110/110 MP: 15/18
 14737 | D:12     | Noticed a two-headed ogre
 14745 | D:12     | Killed a two-headed ogre
 15037 | D:13     | Noticed Rupert
 15037 | D:13     | Noticed Urug
 15037 | D:13     | Noticed a centaur warrior
 15037 | D:13     | Found a gate to the Vaults.
 15437 | Orc:1    | Entered Level 1 of the Orcish Mines
 15437 | Orc:1    | Noticed Snorg
 15454 | Orc:1    | Killed Snorg
 15610 | Orc:2    | Entered Level 2 of the Orcish Mines
 16044 | Orc:2    | Noticed Nessos
 16060 | Orc:2    | Killed Nessos
 16191 | Orc:1    | Noticed Nergalle
 16202 | Orc:1    | Killed Nergalle
 16442 | Orc:2    | Found a staircase to the Elven Halls.
 16671 | Orc:2    | Noticed a centaur warrior
 16693 | Orc:2    | Killed a centaur warrior
 16742 | Orc:2    | HP: 2/113 [orc warrior/bolt (15)]
 16748 | Orc:2    | HP: 3/113 [orc/bolt (5)]
 16748 | Orc:2    | Shot with a bolt by an orc

Illustrated notes

Levels and vault maps discovered:
D:1:      matt_arrival_los_fun, layout_rooms, serial_shops, nicolae_square_shop,
          serial_forest, infiniplex_forest_end_1, infiniplex_forest_clump_long,
          infiniplex_forest_corner_1, infiniplex_forest_clump_long,
          infiniplex_forest_lined_corner, infiniplex_forest_lined_ring,
          infiniplex_forest_straight_4, infiniplex_forest_zigzag_1,
          infiniplex_forest_corner_1, infiniplex_forest_corner_1,
          chequers_ecumenical_altar_island, minmay_tall_x
D:2:      layout_basic, uniq_jessica
D:3:      layout_basic, minmay_puff
D:4:      layout_gridville, serial_shops, shop_statue,
          chequers_serial_rivers_large_a, minmay_tree_intersection
D:5:      layout_rooms, mainiacjoe_overflow_cross_hatched,
          minmay_temple_entry_fiery
D:6:      layout_cave_pools, kennysheep_diamond, minmay_strange_pillars,
          palyth_stone_intersect, uniq_edmund, uniq_sigmund
D:7:      layout_rooms
D:8:      cheibrodos_shockbox, layout_basic, grunt_lair_entry_orc_guard_hut
D:9:      layout_rooms, serial_shops, kennysheep_mini_moat, shop,
          minmay_misc_feat_rugged, hellmonk_bongcloud_opening, minmay_circle_x
D:10:     layout_irregular_city, zombieorc1_lemuel, uniq_harold
D:11:     layout_cave_pools, ploomutoo_gammafunk_ghost_potion_laboratory
D:12:     layout_grid_maze, gauntlet_entry_generic, serial_shops, shop_statue
D:13:     layout_big_octagon, david_vaults_3, uniq_urug
Temple:   mainiacjoe_temple_hex_bubbles
Lair:1:   layout_gridlike, worms_lemuel
Orc:1:    layout_diamond_mine, uniq_snorg, uniq_nergalle
Orc:2:    st_orc_rangers, layout_diamond_mine, uniq_nessos

Skill      XL: |  1  2  3  4  5  6  7  8  9 10 11 12 |
---------------+-------------------------------------+-----
Dodging        | 3 4 5 6 7 8 |  8.3
Fighting       | 4 5 6 7 8 9 11 12 | 12.4
Long Blades    | 3 4 5 6 7 8 10 11 12 | 12.3
Shields        | 4 5 6 7 |  7.3
Invocations    | 1 3 5 6 8 9 |  9.1
Evocations     | 1 2 3 |  3.0

Action                   |  1- 3 |  4- 6 |  7- 9 | 10-12 || total
-------------------------+-------+-------+-------+-------++-------
Melee: Long sword        |    88 |   205 |   221 |       ||   514
       Tailslap          |    10 |    32 |    71 |   182 ||   295
       Falchion          |       |       |   119 |   769 ||   888
Throw: Throwing net      |       |       |     1 |       ||     1
Invok: Divine Shield     |       |       |     1 |     2 ||     3
       Summon Divine War |       |       |       |     3 ||     3
 Abil: Breathe Noxious F |       |       |    13 |    16 ||    29
Evoke: Wand              |       |       |    11 |     2 ||    13
       Piece from Xom's  |       |       |     2 |    21 ||    23
       Box of beasts     |       |       |       |     1 ||     1
  Use: Potion            |     3 |     3 |     3 |     5 ||    14
       Scroll            |       |     9 |     9 |     3 ||    21
 Stab: Sleeping          |       |     1 |       |       ||     1
       Confused          |       |       |     1 |       ||     1
Armor: Skin              |    17 |    73 |    82 |   183 ||   355
Dodge: Dodged            |    82 |   131 |   270 |   625 ||  1108
Block: Buckler           |    16 |    51 |   126 |   216 ||   409

Table legend: (Time is in decaauts)
 A = Elapsed time spent in this place.
 B = Non-inter-level travel time spent in this place.
 C = Inter-level travel time spent in this place.
 D = Time resting spent in this place.
 E = Time spent auto-exploring this place.
 F = Levels seen in this place.
 G = Mean time per level.
                   A        B        C        D        E       F      G
               +--------+--------+--------+--------+--------+-----+--------+
         Total |  17054 |  16167 |    887 |   4314 |   8307 |  17 | 1003.2 |
       Dungeon |  14210 |  13442 |    768 |   3500 |   7183 |  13 | 1093.1 |
        Temple |    271 |    247 |     24 |      0 |    223 |   1 |  271.0 |
          Lair |   1251 |   1193 |     58 |    438 |    524 |   1 | 1251.0 |
  Orcish Mines |   1321 |   1286 |     35 |    375 |    376 |   2 |  660.5 |
               +--------+--------+--------+--------+--------+-----+--------+

Top non-repeatable levels by time:
     D:6: 2084 daAuts
     D:8: 1616 daAuts
     D:9: 1489 daAuts
    D:10: 1255 daAuts
  Lair:1: 1251 daAuts
     D:1: 1246 daAuts
     D:3: 1243 daAuts
    D:12: 1171 daAuts
     D:5: 1139 daAuts
     D:4: 1032 daAuts
   Orc:2: 778 daAuts
     D:2: 662 daAuts
    D:11: 645 daAuts
     D:7: 619 daAuts
   Orc:1: 543 daAuts
